Map: Orbital Shipyard

Players

Miszu - Winner!

  • Race: Terran Terran
  • League: Master

IIIIIIIIII

  • Race: Protoss Protoss
  • League: Master

VOD

Have the link to the VOD?

Description

Time

  • Played on: March 16, 2016, 3:28 p.m.
  • Length: 8:45
Show
View Real Time Build Order
Export as new Build Order

Miszu Terran - Winner!

Build Orders: Command Center First (CC), MMM Bio 

Get SALT Encoding   

  12  0:00  SCV  
  13  0:13  SCV  
  14  0:22  Supply Depot  
  14  0:26  SCV  
  15  0:44  SCV  
  16  0:56  Command Center  
  16  1:00  SCV  
  17  1:12  SCV  
  17  1:14  Barracks  
  18  1:24  SCV  
  19  1:27  Barracks  
  19  1:36  SCV  
  20  1:48  SCV  
  20  1:49  Barracks  
  21  2:00  SCV  
  22  2:02  Marine  
  22  2:08  Orbital Command  
  23  2:12  Orbital Command  
  23  2:16  Marine  
  23  2:21  Marine  
  25  2:32  Refinery x2  
  25  2:33  SCV  
  25  2:35  Marine  
  26  2:39  Marine x2  
  28  2:49  SCV  
  28  2:50  SCV  
  29  2:52  Marine  
  29  2:56  Marine  
  31  3:01  SCV  
  31  3:02  SCV  
  34  3:07  Barracks Tech Lab  
  33  3:13  SCV  
  33  3:14  SCV  
  33  3:16  Supply Depot  
  33  3:18  Supply Depot  
  35  3:25  SCV  
  35  3:26  Barracks Reactor, Barracks Tech Lab, SCV  
  37  3:27  Marine  
  38  3:37  Stimpack, SCV  
  38  3:38  SCV  
  40  3:50  SCV x2  
  40  3:51  Marine  
  40  3:52  Marine  
  44  3:59  Factory  
  44  4:02  SCV x2  
  46  4:04  Marine x2  
  46  4:06  Engineering Bay  
  45  4:12  Marine  
  45  4:14  SCV x2  
  47  4:17  Marine  
  47  4:22  Marine x2  
  50  4:26  SCV  
  50  4:27  SCV  
  50  4:30  Marine  
  53  4:33  Supply Depot  
  53  4:36  Missile Turret  
  53  4:38  SCV  
  54  4:42  Missile Turret  
  54  4:47  Marine x3, SCV  
  54  4:50  SCV  
  59  4:59  Starport, SCV, Factory Reactor  
  59  5:02  SCV  
  59  5:04  Marine  
  59  5:06  Marine  
  62  5:08  Supply Depot  
  62  5:11  Refinery, SCV  
  63  5:16  Supply Depot, SCV  
  64  5:23  Marine, Marauder, SCV  
  68  5:29  Terran Infantry Weapons Level 1  
  68  5:32  Supply Depot  
  68  5:34  Refinery  
  68  5:40  Supply Depot, SCV  
  68  5:41  SCV  
  72  5:50  Marauder  
  72  5:52  SCV  
  72  5:56  Command Center  
  73  5:57  SCV  
  74  6:04  SCV  
  74  6:06  Supply Depot  
  74  6:10  Medivac x2  
  74  6:11  Marine x2, Marauder  
  81  6:12  SCV  
  84  6:25  Marauder  
  84  6:26  Combat Shields  
  84  6:27  Concussive Shells  
  84  6:28  SCV  
  84  6:29  Marine x2, SCV  
  84  6:31  Liberator  
  84  6:32  Marine  
  89  6:34  Liberator  
  89  6:35  Barracks  
  89  6:38  Barracks  
  89  6:39  Supply Depot  
  89  6:41  SCV x2  
  94  6:53  SCV x2  
  98  7:05  SCV x2  
  98  7:06  Marine  
  98  7:07  Marauder, Orbital Command  
  103  7:13  Marine, Marauder  
  106  7:16  Missile Turret  
  106  7:17  SCV x2  
  106  7:18  Supply Depot  
  108  7:24  Marine  
  108  7:26  Barracks Reactor, Barracks Tech Lab  
  108  7:29  SCV  
  110  7:31  Medivac  
  110  7:32  Orbital Command  
  110  7:34  SCV  
  113  7:41  SCV  
  114  7:45  Medivac  
  114  7:46  Marine x2, Marauder  
  116  7:53  Marauder  
  116  7:55  Marauder  
  114  8:02  Marine  
  114  8:03  Marine  
  114  8:04  Marine, Medivac  
  114  8:05  SCV x3  
  119  8:08  Marauder  
  121  8:15  Refinery, Marauder  
Show
View Real Time Build Order
Export as new Build Order

IIIIIIIIII Protoss 

Build Orders: Oracle Opening 

Get SALT Encoding   

  12  0:01  Probe (Chrono Boost)  
  13  0:11  Probe (Chrono Boost)  
  14  0:18  Pylon  
  14  0:22  Probe (Chrono Boost)  
  15  0:36  Probe (Chrono Boost)  
  15  0:37  Gateway  
  15  0:40  Assimilator  
  16  0:47  Probe (Chrono Boost)  
  17  0:57  Probe (Chrono Boost)  
  18  1:08  Probe (Chrono Boost)  
  20  1:18  Probe (Chrono Boost)  
  20  1:25  Zealot (Chrono Boost)  
  22  1:26  Cybernetics Core  
  22  1:29  Probe  
  22  1:31  Assimilator  
  23  1:36  Pylon  
  24  1:54  Probe (Chrono Boost)  
  24  2:05  Probe  
  24  2:07  Stalker (Chrono Boost)  
  24  2:08  Warp Gate  
  27  2:13  Pylon  
  27  2:18  Probe  
  28  2:30  Probe  
  28  2:32  Stargate  
  31  2:37  Stalker (Chrono Boost)  
  29  3:00  Nexus  
  29  3:03  Mothership Core (Chrono Boost)  
  31  3:24  Oracle (Chrono Boost)  
  31  3:26  Probe  
  35  3:49  Probe  
  35  3:59  Robotics Facility  
  35  4:02  Probe  
  36  4:12  Oracle (Chrono Boost)  
  36  4:14  Probe  
  40  4:21  Probe  
  41  4:26  Probe  
  42  4:31  Probe  
  42  4:38  Probe  
  44  4:39  Nexus  
  44  4:42  Probe  
  45  4:47  Gateway x2, Observer  
  45  4:50  Probe  
  47  4:53  Probe  
  48  5:02  Probe  
  48  5:03  Probe  
  50  5:07  Assimilator  
  50  5:09  Sentry, Assimilator  
  50  5:10  Observer  
  53  5:14  Probe  
  53  5:17  Pylon  
  54  5:26  Pylon  
  54  5:29  Pylon  
  54  5:33  Pylon  
  54  5:34  Probe  
  54  5:35  Probe  
  56  5:43  Robotics Bay  
  56  5:44  Probe  
  56  5:47  Probe  
  58  5:52  Observer  
  58  5:55  Probe  
  60  5:58  Probe  
  60  6:00  Pylon, Probe  
  62  6:04  Adept x2  
  62  6:05  Adept, Probe  
  62  6:06  Forge x2  
  62  6:09  Probe  
  70  6:12  Probe  
  70  6:16  Observer  
  70  6:20  Probe  
  70  6:21  Probe  
  70  6:26  Stalker x2  
  70  6:27  Stalker  
  76  6:34  Probe x2  
  76  6:35  Probe  
  79  6:42  Colossus (Chrono Boost)  
  79  6:43  Protoss Ground Weapons Level 1, Protoss Ground Armor Level 1  
  79  6:45  Probe  
  86  6:52  Probe x2  
  88  6:55  Pylon  
  88  6:57  Probe  
  89  7:04  Pylon, Probe x2  
  89  7:06  Pylon  
  91  7:09  Probe  
  91  7:11  Stalker x3  
  98  7:16  Probe x2  
  98  7:21  Gateway, Probe  
  98  7:22  Gateway  
  101  7:25  Pylon  
  101  7:28  Probe  
  102  7:30  Assimilator  
  102  7:31  Assimilator  
  102  7:33  Colossus (Chrono Boost)  
  108  7:39  Stalker x2  
  108  7:42  Adept  
  88  8:03  Stalker  
  88  8:04  Stalker  
  88  8:05  Stalker  
  94  8:15  Probe x3  
  97  8:26  Adept  
  93  8:41  Stalker x2  
Tags
 
Add a new tag
Caveats
  • Supply blocks, unpowered buildings, or Contaminate may cause inaccurate times.
  • Supply counts are checked every 10 seconds.